[Event "EYCC 2017"]
[Site "Mamaia"]
[Date "2017.09.06"]
[Round "2"]
[White "Gitu, Paula-Alexandra"]
[Black "Olde, Margareth"]
[Result "0-1"]
[ECO "B20"]
[WhiteElo "1948"]
[BlackElo "2161"]
[Annotator "NA"]
[PlyCount "109"]
[EventDate "2017.??.??"]
[EventType "swiss"]
[EventCountry "ROU"]
[SourceTitle "playchess.com"]
[Source "ChessBase"]
[SourceQuality "1"]
[TimeControl "40/5400+30:1800+30"]

1. e4 c5 2. Be2 Nc6 3. f4 d6 4. Nf3 g6 5. d3 Bg7 6. c3 Nf6 7. O-O O-O 8. Kh1 Rb8 9. Be3 b5 10. Nbd2 a6 11. Nh4 e6 12. Qe1 Bb7 13. Bf3 Nd7 14. g4 b4 15. Rc1 Nb6 16. Nb1 Na4 17. Rc2 Ba8 18. g5 Ne7 19. Qf2 b3 20. axb3 Rxb3 21. Rg1 f5 22. gxf6 Bxf6 23. Bg4 Qd7 24. Nf3 c4 25. Nbd2 Rxb2 26. Nxc4 Rxc2 27. Qxc2 Kf7 28. Nxd6+ Qxd6 29. e5 Qc6 30. exf6 Nf5 31. Bf2 h5 32. Rg2 Ke8 33. Bxf5 gxf5 34. Ne1 Qb5 35. Qe2 Bxg2+ 36. Nxg2 Rxf6 37. Qxh5+ Rf7 38. Qh8+ Rf8 39. Qh5+ Rf7 40. Qh8+ Kd7 41. Qd4+ Kc7 42. c4 Qb1+ 43. Be1 Rd7 44. Qa7+ Qb7 45. Ba5+ Kc8 46. Qe3 Qc6 47. Kg1 Nb2 48. Ne1 Rg7+ 49. Kf1 Qh1+ 50. Ke2 Qxh2+ 51. Qf2 Rh7 52. Ng2 Qh5+ 53. Kd2 Qd1+ 54. Kc3 Na4+ 55. Kd4 0-1

[Event "EYCC 2017"]
[Site "Mamaia"]
[Date "2017.09.06"]
[Round "2"]
[White "Verbin, Valentina"]
[Black "Badelka, Olga"]
[Result "1-0"]
[ECO "B30"]
[WhiteElo "1947"]
[BlackElo "2335"]
[Annotator "NA"]
[PlyCount "106"]
[EventDate "2017.??.??"]
[EventType "swiss"]
[EventCountry "ROU"]
[SourceTitle "playchess.com"]
[Source "ChessBase"]
[SourceQuality "1"]
[TimeControl "40/5400+30:1800+30"]

1. e4 c5 2. Nf3 Nc6 3. Nc3 e5 4. Bc4 Be7 5. d3 d6 6. Nd2 Nf6 7. Nf1 Bg4 8. f3 Be6 9. Ne3 O-O 10. O-O Nd4 11. Ncd5 b5 12. Nxf6+ Bxf6 13. Bd5 Bxd5 14. Nxd5 Bg5 15. c3 Bxc1 16. Rxc1 Ne6 17. g3 Qd7 18. a3 f5 19. Qd2 f4 20. g4 Rad8 21. Kg2 a5 22. h4 a4 23. Qe2 Rf7 24. Rfd1 Qa7 25. Rd2 Nc7 26. Nxc7 Rxc7 27. d4 cxd4 28. Qxb5 Rc5 29. Qd3 Rb8 30. Rdc2 Rb3 31. Qd2 Qb6 32. Rd1 h6 33. Kf1 dxc3 34. bxc3 Rxa3 35. Qxd6 Qxd6 36. Rxd6 Rcxc3 37. Rxc3 Rxc3 38. Ke2 Re3+ 39. Kf2 a3 40. Ra6 Rb3 41. Kg2 Rb2+ 42. Kh3 a2 43. g5 h5 44. Ra7 Kf8 45. Ra5 Kf7 46. Ra6 Ke7 47. Ra5 Kd7 48. Rd5+ Kc6 49. Ra5 Rf2 50. Ra8 Kb5 51. Ra7 Kb4 52. Ra8 Rxf3+ 53. Kg2 Ra3 1-0

[Event "EYCC 2017"]
[Site "Mamaia"]
[Date "2017.09.06"]
[Round "2"]
[White "Patole, Noam"]
[Black "Kanov, Nikola"]
[Result "1/2-1/2"]
[ECO "B01"]
[WhiteElo "1934"]
[BlackElo "1590"]
[Annotator "NA"]
[PlyCount "116"]
[EventDate "2017.??.??"]
[EventType "swiss"]
[EventCountry "ROU"]
[SourceTitle "playchess.com"]
[Source "ChessBase"]
[SourceQuality "1"]
[TimeControl "40/5400+30:1800+30"]

1. e4 d5 2. exd5 Qxd5 3. Nc3 Qa5 4. d4 Nf6 5. Nf3 c6 6. Ne5 Bf5 7. Qe2 e6 8. Bd2 Bb4 9. Nc4 Qc7 10. O-O-O Nbd7 11. g3 Nd5 12. Ne3 Nxe3 13. fxe3 Nf6 14. Bg2 Bg4 15. Bf3 Bxf3 16. Qxf3 O-O-O 17. Kb1 Rhe8 18. Ne4 Be7 19. Nxf6 Bxf6 20. Bc3 Kb8 21. Qf4 Qxf4 22. gxf4 c5 23. Rd3 cxd4 24. Bxd4 Bxd4 25. Rxd4 Rxd4 26. exd4 Kc7 27. Rg1 g6 28. Rg5 f5 29. c3 Kd6 30. Kc2 Rg8 31. h4 Ke7 32. Kd3 b5 33. b3 h6 34. Rg2 Kf6 35. c4 bxc4+ 36. bxc4 g5 37. hxg5+ hxg5 38. Rxg5 Rxg5 39. fxg5+ Kxg5 40. Ke3 Kg6 41. c5 Kf6 42. Kf4 Ke7 43. Ke5 Kd7 44. a3 Ke7 45. a4 Kd7 46. a5 a6 47. Kf4 Kc6 48. Ke5 Kd7 49. Kf4 Kc6 50. Ke3 Kd5 51. Kf4 Kc6 52. Ke5 Kd7 53. c6+ Kxc6 54. Kxe6 f4 55. d5+ Kc7 56. Ke7 f3 57. d6+ Kb7 58. d7 f2 1/2-1/2

[Event "EYCC 2017"]
[Site "Mamaia"]
[Date "2017.09.06"]
[Round "2"]
[White "Cramling Bellon, Anna"]
[Black "Sliwicka, Alicja"]
[Result "1/2-1/2"]
[ECO "D85"]
[WhiteElo "1926"]
[BlackElo "2230"]
[Annotator "NA"]
[PlyCount "73"]
[EventDate "2017.??.??"]
[EventType "swiss"]
[EventCountry "ROU"]
[SourceTitle "playchess.com"]
[Source "ChessBase"]
[SourceQuality "1"]
[TimeControl "40/5400+30:1800+30"]

1. d4 Nf6 2. c4 g6 3. Nc3 d5 4. cxd5 Nxd5 5. e4 Nxc3 6. bxc3 Bg7 7. Bg5 c5 8. Rc1 Qa5 9. Qd2 Nc6 10. d5 $11 {[%emt 0:01:32] LiveBook: 4 Games} h6 11. Bf4 Ne5 12. c4 Qxd2+ 13. Bxd2 g5 14. h4 f5 15. hxg5 hxg5 16. Rxh8+ Bxh8 17. Nf3 Nxf3+ 18. gxf3 f4 19. Bg2 b6 20. Ke2 Ba6 21. a4 Bd4 22. Bh3 Kf7 23. Kf1 Rh8 24. Be6+ Kf6 25. Kg2 Ke5 26. Bg4 Kd6 27. Rc2 Kc7 28. Rc1 Rh6 29. Be1 Bb7 30. Rb1 Kb8 31. Bd7 Kc7 32. Bg4 a5 33. Rc1 Ba6 34. Rc2 Kd6 35. Bd2 Ke5 36. Be1 Rh4 37. Bf5 1/2-1/2

[Event "EYCC 2017"]
[Site "Mamaia"]
[Date "2017.09.06"]
[Round "2"]
[White "Jorge, Rita Maria Osorio"]
[Black "Limanovska, Elizabete"]
[Result "1-0"]
[ECO "B52"]
[WhiteElo "1923"]
[BlackElo "2071"]
[Annotator "NA"]
[PlyCount "61"]
[EventDate "2017.??.??"]
[EventType "swiss"]
[EventCountry "ROU"]
[SourceTitle "playchess.com"]
[Source "ChessBase"]
[SourceQuality "1"]
[TimeControl "40/5400+30:1800+30"]

1. e4 c5 2. Nf3 d6 3. Bb5+ Bd7 4. Bxd7+ Qxd7 5. O-O Nc6 6. c3 Nf6 7. Re1 e6 8. d4 cxd4 9. cxd4 d5 10. e5 Ne4 11. Nbd2 Nxd2 12. Bxd2 Be7 13. Rc1 O-O 14. Rc3 Rfc8 15. a3 a5 16. Rd3 a4 17. Ng5 h6 18. Nh3 Bf8 19. Qg4 g6 20. Qh4 Qe7 21. Bg5 hxg5 22. Nxg5 Bg7 23. Rf3 f5 24. exf6 Bxf6 25. Rxf6 Qxf6 26. Qh7+ Kf8 27. Nxe6+ Ke8 28. Nc5+ Ne7 29. Qg8+ Qf8 30. Rxe7+ Kxe7 31. Qe6+ 1-0

[Event "EYCC 2017"]
[Site "Mamaia"]
[Date "2017.09.06"]
[Round "2"]
[White "Kucharska, Honorata"]
[Black "Muetsch, Annmarie"]
[Result "0-1"]
[ECO "B24"]
[WhiteElo "1917"]
[BlackElo "2137"]
[Annotator "NA"]
[PlyCount "110"]
[EventDate "2017.??.??"]
[EventType "swiss"]
[EventCountry "ROU"]
[SourceTitle "playchess.com"]
[Source "ChessBase"]
[SourceQuality "1"]
[TimeControl "40/5400+30:1800+30"]

1. e4 c5 2. Nc3 Nc6 3. Bb5 Nd4 4. Bc4 e6 5. Nf3 Nf6 6. O-O a6 7. d3 b5 8. Bb3 d6 9. Nxd4 cxd4 10. Ne2 e5 11. h3 Be7 12. Ng3 O-O 13. f4 Be6 14. fxe5 dxe5 15. Nf5 Bxf5 16. Rxf5 Qd6 17. Bg5 Nd7 18. Bxe7 Qxe7 19. Qd2 g6 20. Rf3 Kg7 21. Raf1 f6 22. Rg3 Nb6 23. Rgf3 Nc8 24. R3f2 Nd6 25. g4 Kh8 26. Bd5 Ra7 27. Kh2 Qd8 28. Qe1 g5 29. Kg2 Kg7 30. Re2 Qd7 31. Qg3 Nc8 32. h4 h6 33. Kg1 Ne7 34. hxg5 hxg5 35. Bb3 Ng6 36. Rh2 Raa8 37. Kf2 Rh8 38. Rfh1 Rh4 39. Rxh4 gxh4 40. Qf3 Rh8 41. Ke1 Nf4 42. Kf2 h3 43. Qg3 Rh6 44. Kf3 a5 45. a3 Qc6 46. Rh2 Rg6 47. Bd5 Qc5 48. Bb3 a4 49. Ba2 f5 50. exf5 Qc6+ 51. Bd5 Qxd5+ 52. Kf2 Rg5 53. Qh4 Qd8 54. Rh1 Qf6 55. Rh2 Rxf5 0-1

[Event "EYCC 2017"]
[Site "Mamaia"]
[Date "2017.09.06"]
[Round "2"]
[White "Celik, Eda"]
[Black "Redondo Benavente, Ana"]
[Result "0-1"]
[ECO "C03"]
[WhiteElo "1916"]
[BlackElo "2087"]
[Annotator "NA"]
[PlyCount "98"]
[EventDate "2017.??.??"]
[EventType "swiss"]
[EventCountry "ROU"]
[SourceTitle "playchess.com"]
[Source "ChessBase"]
[SourceQuality "1"]
[TimeControl "40/5400+30:1800+30"]

1. e4 e6 2. d4 d5 3. Nd2 Be7 4. Ngf3 Nf6 5. Bd3 c5 $11 6. exd5 Qxd5 7. Bc4 Qd8 8. dxc5 Bxc5 9. O-O Qc7 10. Qe2 O-O 11. Nb3 Bd6 12. Nbd4 a6 13. Bg5 Ng4 14. h3 Ne5 15. Nxe5 Bxe5 16. Rad1 h6 17. Be3 Bf6 18. Bd3 Nc6 19. Qg4 Nxd4 20. Bxd4 Bxd4 21. Qxd4 e5 22. Qe4 g6 23. Rfe1 Re8 24. Qe3 Kh7 25. Qg3 f5 26. h4 Qg7 27. c3 f4 28. Qf3 Bf5 29. h5 Re7 30. hxg6+ Qxg6 31. Bxf5 Qxf5 32. Qe4 Qxe4 33. Rxe4 Rg8 34. f3 Rg3 35. Rd2 Kg6 36. a4 Kf5 37. a5 h5 38. Kh2 h4 39. Rde2 h3 40. gxh3 Rxf3 41. Kg2 Rg3+ 42. Kh2 Rd3 43. Re1 Rd2+ 44. R4e2 Rxe2+ 45. Rxe2 e4 46. Kg1 e3 47. Kg2 Ke4 48. Re1 f3+ 49. Kf1 f2 0-1

[Event "EYCC 2017"]
[Site "Mamaia"]
[Date "2017.09.06"]
[Round "2"]
[White "Papadiamandis, Elliot"]
[Black "Suleymanli, Aydin"]
[Result "0-1"]
[ECO "C06"]
[WhiteElo "1897"]
[BlackElo "2351"]
[Annotator "NA"]
[PlyCount "59"]
[EventDate "2017.??.??"]
[EventType "swiss"]
[EventCountry "ROU"]
[SourceTitle "playchess.com"]
[Source "ChessBase"]
[SourceQuality "1"]
[TimeControl "40/5400+30:1800+30"]

1. e4 e6 2. d4 d5 3. Nd2 Nf6 4. e5 Nfd7 5. Bd3 c5 6. c3 Nc6 7. Ne2 cxd4 8. cxd4 f6 9. exf6 Nxf6 10. Nf3 Qc7 11. O-O Bd6 12. h3 O-O 13. Nc3 a6 14. Bd2 Bd7 15. Re1 Rae8 16. Rc1 Qb8 17. a3 e5 18. Nxd5 Nxd5 19. Bc4 Nxd4 20. Bxd5+ Be6 21. Bc3 Bxd5 22. Nxd4 Bc5 23. b4 Bxd4 24. Bxd4 exd4 25. Qxd4 Bc6 26. Qc4+ Kh8 27. Qc5 Qf4 28. Rxe8 Rxe8 29. Rd1 h6 30. Ra1 0-1

[Event "EYCC 2017"]
[Site "Mamaia"]
[Date "2017.09.06"]
[Round "2"]
[White "Pham, Khoi"]
[Black "Can, Isik"]
[Result "1-0"]
[ECO "C90"]
[WhiteElo "1895"]
[BlackElo "2239"]
[Annotator "NA"]
[PlyCount "103"]
[EventDate "2017.??.??"]
[EventType "swiss"]
[EventCountry "ROU"]
[SourceTitle "playchess.com"]
[Source "ChessBase"]
[SourceQuality "1"]
[TimeControl "40/5400+30:1800+30"]

1. e4 e5 2. Nf3 Nc6 3. Bb5 a6 4. Ba4 Nf6 5. O-O Be7 6. Re1 b5 7. Bb3 d6 8. c3 O-O 9. d3 Na5 10. Bc2 c5 11. Nbd2 Re8 12. Nf1 Bf8 13. Ng3 g6 14. d4 Qc7 15. d5 c4 16. Bg5 Bg7 17. b4 cxb3 18. axb3 Bd7 19. Ra2 Nb7 20. Qa1 a5 21. b4 h6 22. Bd2 Rec8 23. Bd3 Qd8 24. Qd1 Qe8 25. Qe2 Kh7 26. Rc1 Ng8 27. h4 Ne7 28. h5 Kh8 29. hxg6 fxg6 30. Be3 g5 31. Bb6 a4 32. c4 bxc4 33. Rxc4 Ng6 34. Qc2 Nf4 35. Bf1 Bb5 36. Rc7 Bxf1 37. Nxf1 Rcb8 38. Ne3 Bf6 39. Qc6 Qxc6 40. dxc6 Nd8 41. Ba5 Rb5 42. Nf5 d5 43. Nd6 Rbb8 44. Ne8 Nde6 45. Nxf6 Nxc7 46. Bxc7 Rxb4 47. Bxe5 Rb1+ 48. Kh2 dxe4 49. Rd2 Kg7 50. Nxe4+ Kg6 51. Rd6+ Kh7 52. c7 1-0

[Event "EYCC 2017"]
[Site "Mamaia"]
[Date "2017.09.06"]
[Round "2"]
[White "Koehler, Inken"]
[Black "Shpanko, Nadiia"]
[Result "1/2-1/2"]
[ECO "A34"]
[WhiteElo "1893"]
[BlackElo "2065"]
[Annotator "NA"]
[PlyCount "63"]
[EventDate "2017.??.??"]
[EventType "swiss"]
[EventCountry "ROU"]
[SourceTitle "playchess.com"]
[Source "ChessBase"]
[SourceQuality "1"]
[TimeControl "40/5400+30:1800+30"]

1. c4 Nf6 2. Nf3 c5 3. Nc3 d5 4. cxd5 Nxd5 5. g3 Nc6 6. Bg2 Nc7 7. O-O g6 8. d3 Bg7 9. Bd2 Ne6 10. Qc1 O-O 11. Bh6 Bd7 12. Bxg7 Kxg7 13. Ne4 b6 14. Qc3+ f6 15. Rfd1 Ned4 16. Nxd4 Nxd4 17. Qd2 Rc8 18. Nc3 e5 19. Nd5 Bg4 20. Re1 Be6 21. Ne3 f5 22. Red1 f4 23. Nc4 Qc7 24. e3 fxe3 25. fxe3 b5 26. exd4 bxc4 27. dxe5 Qxe5 28. dxc4 Bxc4 29. Qd7+ Kg8 30. Bd5+ Bxd5 31. Qxd5+ Qxd5 32. Rxd5 1/2-1/2

[Event "EYCC 2017"]
[Site "Mamaia"]
[Date "2017.09.06"]
[Round "2"]
[White "Sobek, Michal"]
[Black "Antonica, Dragos-Andrei"]
[Result "0-1"]
[ECO "C17"]
[WhiteElo "1891"]
[BlackElo "2188"]
[Annotator "NA"]
[PlyCount "106"]
[EventDate "2017.??.??"]
[EventType "swiss"]
[EventCountry "ROU"]
[SourceTitle "playchess.com"]
[Source "ChessBase"]
[SourceQuality "1"]
[TimeControl "40/5400+30:1800+30"]

1. e4 e6 2. d4 d5 3. Nc3 Bb4 4. e5 c5 5. Qg4 Ne7 6. dxc5 Bxc3+ 7. bxc3 Qc7 8. Nf3 Ng6 9. Bd3 Nd7 10. O-O Nxc5 11. Rb1 O-O 12. Ba3 b6 13. Ng5 Qxe5 14. Rbe1 Qf6 15. Bxc5 bxc5 16. f4 c4 17. f5 cxd3 18. fxe6 Qxc3 19. exf7+ Kh8 20. Qh5 Qd4+ 21. Kh1 Qh4 22. Qxh4 Nxh4 23. Re8 Ng6 24. cxd3 h6 25. Nf3 Bd7 26. Rxa8 Rxa8 27. Ne5 Nf8 28. Re1 Rd8 29. h4 g6 30. g4 Kg7 31. h5 g5 32. d4 Be6 33. Rc1 Nd7 34. Rc7 Nxe5 35. dxe5 Rd7 36. Rc6 Re7 37. Kg2 Kxf7 38. Kf3 Rd7 39. Ke3 d4+ 40. Kd3 Bxg4 41. Rxh6 Bf5+ 42. Kd2 Kg7 43. Rf6 Rf7 44. Rd6 d3 45. a4 Re7 46. a5 Rxe5 47. a6 g4 48. h6+ Kh7 49. Rc6 g3 50. Rc7+ Kxh6 51. Rxa7 g2 52. Rg7 Kxg7 53. a7 g1=Q 0-1

[Event "EYCC 2017"]
[Site "Mamaia"]
[Date "2017.09.06"]
[Round "2"]
[White "Unneland, Mathias"]
[Black "Ponomarev, Grigori"]
[Result "1-0"]
[ECO "C00"]
[WhiteElo "1883"]
[BlackElo "2165"]
[Annotator "NA"]
[PlyCount "88"]
[EventDate "2017.??.??"]
[EventType "swiss"]
[EventCountry "ROU"]
[SourceTitle "playchess.com"]
[Source "ChessBase"]
[SourceQuality "1"]
[TimeControl "40/5400+30:1800+30"]

1. e4 e6 2. Nf3 d5 3. e5 c5 4. b4 cxb4 5. d4 Nc6 6. a3 bxa3 7. c3 Bd7 8. Bd3 a6 9. Ng5 g6 10. Qf3 f6 11. Nxh7 f5 12. Nxf8 Kxf8 13. Bxa3+ Kg7 14. Qg3 Qh4 15. Qxh4 Rxh4 16. Nd2 Na7 17. Nb3 Bb5 18. Kd2 Bxd3 19. Kxd3 b6 20. Nd2 Nb5 21. Nf3 Rh5 22. h3 Rc8 23. Rhc1 g5 24. Bb2 g4 25. Ng1 a5 26. c4 dxc4+ 27. Rxc4 Rxc4 28. Kxc4 Nc7 29. Ba3 Rh8 30. f3 Nh6 31. Bd6 Nd5 32. Kb5 Rc8 33. fxg4 fxg4 34. hxg4 Rc2 35. Nf3 Nf7 36. Nh4 Nd8 37. Rf1 Nc6 38. g5 Nxd4+ 39. Ka6 Ne3 40. Rf6 Nxg2 41. Bf8+ Kh7 42. g6+ Kg8 43. Bh6 Rc8 44. g7 Ra8+ 1-0

[Event "EYCC 2017"]
[Site "Mamaia"]
[Date "2017.09.06"]
[Round "2"]
[White "Zeliantsova, Kseniya"]
[Black "Sumarriva Paulin, Laura"]
[Result "1-0"]
[ECO "C11"]
[WhiteElo "1878"]
[BlackElo "1660"]
[Annotator "NA"]
[PlyCount "71"]
[EventDate "2017.??.??"]
[EventType "swiss"]
[EventCountry "ROU"]
[SourceTitle "playchess.com"]
[Source "ChessBase"]
[SourceQuality "1"]
[TimeControl "40/5400+30:1800+30"]

1. e4 e6 2. d4 d5 3. Nc3 Nf6 4. e5 Nfd7 5. f4 c5 6. Nf3 Nc6 7. Be3 Be7 8. Qd2 O-O 9. dxc5 Qa5 10. Bd3 Nxc5 11. a3 Nxd3+ 12. Qxd3 Rd8 13. Nd4 f6 14. exf6 Bxf6 15. O-O Qc7 16. h3 a6 17. Rad1 e5 18. fxe5 Nxe5 19. Qe2 Nc4 20. Bf4 Qb6 21. Be3 Qc7 22. Bf2 Nxb2 23. Nxd5 Qd6 24. Nxf6+ Qxf6 25. Rb1 Na4 26. Qc4+ Kh8 27. Qxa4 Qg6 28. Qb3 b5 29. Qf3 Bd7 30. Bh4 Re8 31. Rbe1 h6 32. Rxe8+ Rxe8 33. Qf7 Qd6 34. Nf5 Qc5+ 35. Kh1 Qc3 36. Qxd7 1-0

[Event "EYCC 2017"]
[Site "Mamaia"]
[Date "2017.09.06"]
[Round "2"]
[White "Luczak, Filip"]
[Black "Kirillov, Dmitry"]
[Result "1-0"]
[ECO "B83"]
[WhiteElo "1866"]
[BlackElo "2137"]
[Annotator "NA"]
[PlyCount "89"]
[EventDate "2017.??.??"]
[EventType "swiss"]
[EventCountry "ROU"]
[SourceTitle "playchess.com"]
[Source "ChessBase"]
[SourceQuality "1"]
[TimeControl "40/5400+30:1800+30"]

1. e4 c5 2. Nf3 e6 3. d4 cxd4 4. Nxd4 Nf6 5. Nc3 d6 6. Be2 Be7 7. Be3 O-O 8. f4 Nc6 9. Qd2 a6 10. O-O-O Qc7 11. g4 Nxd4 12. Bxd4 b5 13. g5 Nd7 14. f5 b4 15. Nb1 f6 16. Qxb4 Bb7 17. Qb3 Ne5 18. Qxe6+ Kh8 19. Nc3 Rfc8 20. Bxe5 fxe5 21. f6 gxf6 22. gxf6 Bf8 23. Rhg1 Bh6+ 24. Kb1 Bxe4 25. f7 Bg7 26. f8=Q+ Rxf8 27. Nxe4 Rac8 28. Bd3 Rcd8 29. Qd5 Qf7 30. Qxf7 Rxf7 31. Bc4 Rf4 32. Nxd6 Rd7 33. Nf7+ Rdxf7 34. Bxf7 Rxf7 35. Rge1 h6 36. Re4 Kh7 37. b4 Kg6 38. c4 Rf2 39. Rg4+ Kf6 40. Rd6+ Ke7 41. Rxa6 Bf6 42. Rg6 h5 43. Rgxf6 Rxf6 44. Rxf6 Kxf6 45. Kc2 1-0

[Event "EYCC 2017"]
[Site "Mamaia"]
[Date "2017.09.06"]
[Round "2"]
[White "Zhurova, Anna"]
[Black "Pipiras, Filipa Fortuna"]
[Result "1-0"]
[ECO "C11"]
[WhiteElo "1864"]
[BlackElo "1657"]
[Annotator "NA"]
[PlyCount "125"]
[EventDate "2017.??.??"]
[EventType "swiss"]
[EventCountry "ROU"]
[SourceTitle "playchess.com"]
[Source "ChessBase"]
[SourceQuality "1"]
[TimeControl "40/5400+30:1800+30"]

1. e4 e6 2. d4 d5 3. Nc3 Nf6 4. Bg5 dxe4 5. Nxe4 Be7 6. Bxf6 gxf6 7. c3 f5 8. Nd2 c5 9. Ngf3 O-O 10. Nb3 cxd4 11. Nbxd4 a6 12. Qd2 Nc6 13. Nxc6 Qxd2+ 14. Kxd2 bxc6 15. Kc2 c5 16. Rd1 Rd8 17. Rxd8+ Bxd8 18. Be2 f6 19. Nd2 Bc7 20. Nb3 Bd6 21. Rd1 Be7 22. Na5 Kf8 23. Rd3 Ra7 24. Nc6 Rc7 25. Nxe7 Kxe7 26. Rg3 Kf8 27. Bc4 Re7 28. Rd3 Rc7 29. Rd6 Ke7 30. Rb6 Bb7 31. Rxe6+ Kd7 32. f3 Bc8 33. Rxf6 Ke8 34. Bxa6 Bd7 35. Bc4 Bc8 36. Bb5+ Ke7 37. Rc6 Rxc6 38. Bxc6 Kd6 39. Bb5 Bb7 40. Kd3 h5 41. Ke3 Ke5 42. f4+ Kd6 43. g3 Bd5 44. a4 Bf7 45. b4 cxb4 46. cxb4 Kc7 47. Kd4 Kb6 48. Bd7 Bg6 49. Ke5 Bh7 50. Bxf5 Bg8 51. Be6 Bh7 52. f5 Ka6 53. f6 Bg6 54. f7 Bxf7 55. Bxf7 h4 56. gxh4 Kb6 57. a5+ Ka6 58. Bc4+ Ka7 59. Kd6 Ka8 60. Kc7 Ka7 61. b5 Ka8 62. a6 Ka7 63. b6+ 1-0

[Event "EYCC 2017"]
[Site "Mamaia"]
[Date "2017.09.06"]
[Round "2"]
[White "Katkov, Michelle"]
[Black "Eizaguerri Floris, Maria"]
[Result "0-1"]
[ECO "B22"]
[WhiteElo "1845"]
[BlackElo "2098"]
[Annotator "NA"]
[PlyCount "120"]
[EventDate "2017.??.??"]
[EventType "swiss"]
[EventCountry "ROU"]
[SourceTitle "playchess.com"]
[Source "ChessBase"]
[SourceQuality "1"]
[TimeControl "40/5400+30:1800+30"]

1. e4 c5 2. c3 b6 3. d4 Bb7 4. Bd3 Nf6 5. Qe2 cxd4 6. cxd4 Nc6 7. Nf3 Nb4 8. Nc3 Nxd3+ 9. Qxd3 Qc8 10. O-O Ba6 11. Nb5 Bxb5 12. Qxb5 Nxe4 13. Bf4 Qc6 14. Qd3 e6 15. Rfe1 Nf6 16. Rac1 Qd5 17. Qa6 Bd6 18. Rc8+ Ke7 19. Rxh8 Rxh8 20. Bxd6+ Qxd6 21. Qxa7 Rc8 22. Qa4 Nd5 23. a3 Nf4 24. Qb3 h6 25. Qe3 Rc2 26. g3 Nd5 27. Qb3 Rc8 28. Qd3 Qc6 29. Qe4 Nf6 30. Qxc6 Rxc6 31. Kf1 Nd5 32. Ne5 Rc8 33. Re2 f6 34. Nf3 Kd6 35. Ke1 Ne7 36. Kd2 Kd5 37. Re3 Nc6 38. Rc3 g5 39. Ke3 Re8 40. h3 h5 41. Rb3 Rb8 42. Rb5+ Kd6 43. Nd2 Ne7 44. a4 Kc6 45. Ne4 Nd5+ 46. Kd3 Ra8 47. Nc3 Nxc3 48. bxc3 Rxa4 49. Rb2 b5 50. Ke4 Ra1 51. Kf3 Ra3 52. Rc2 b4 53. Ke4 Rxc3 54. Rxc3+ bxc3 55. Kd3 Kd5 56. f3 c2 57. Kxc2 Kxd4 58. Kd2 d5 59. h4 gxh4 60. gxh4 e5 0-1

[Event "EYCC 2017"]
[Site "Mamaia"]
[Date "2017.09.06"]
[Round "2"]
[White "Guillo Longares, Cecilia"]
[Black "Krasteva, Beloslava"]
[Result "0-1"]
[ECO "D31"]
[WhiteElo "1810"]
[BlackElo "2048"]
[Annotator "NA"]
[PlyCount "68"]
[EventDate "2017.??.??"]
[EventType "swiss"]
[EventCountry "ROU"]
[SourceTitle "playchess.com"]
[Source "ChessBase"]
[SourceQuality "1"]
[TimeControl "40/5400+30:1800+30"]

1. d4 d5 2. c4 e6 3. Nc3 Be7 4. Nf3 Nf6 5. cxd5 exd5 6. Bg5 c6 7. Qc2 g6 8. e3 Bf5 9. Bd3 Bxd3 10. Qxd3 Nbd7 11. Bh6 Ng4 12. Bg7 Rg8 13. Be5 Ngxe5 14. Nxe5 Nxe5 15. dxe5 f6 16. exf6 Bxf6 17. O-O Kf7 18. Ne2 Re8 19. Qb3 Qd7 20. Rfd1 Kg7 21. Nf4 Re7 22. Nd3 Qf5 23. Nc5 b6 24. Na6 d4 25. exd4 Re2 26. Qg3 Rae8 27. Kf1 Qb5 28. Kg1 Qxa6 29. Qc7+ R8e7 30. Qxc6 Bxd4 31. Rf1 Bxf2+ 32. Kh1 Qd3 33. Rad1 Qxd1 34. Qc3+ Qd4 0-1

[Event "EYCC 2017"]
[Site "Mamaia"]
[Date "2017.09.06"]
[Round "2"]
[White "Koubova, Anna Marie"]
[Black "Bulatova, Kamaliya"]
[Result "0-1"]
[ECO "E68"]
[WhiteElo "1805"]
[BlackElo "2014"]
[Annotator "NA"]
[PlyCount "74"]
[EventDate "2017.??.??"]
[EventType "swiss"]
[EventCountry "ROU"]
[SourceTitle "playchess.com"]
[Source "ChessBase"]
[SourceQuality "1"]
[TimeControl "40/5400+30:1800+30"]

1. d4 Nf6 2. c4 g6 3. g3 Bg7 4. Bg2 O-O 5. Nc3 d6 6. Nf3 Nbd7 7. O-O e5 8. e4 a6 9. h3 exd4 10. Nxd4 Re8 11. Re1 Rb8 12. Be3 Ne5 13. b3 c5 14. Nde2 b5 15. f4 Ned7 16. Qxd6 b4 17. e5 bxc3 18. Nxc3 Bf8 19. Qd2 Nh5 20. g4 Ng7 21. Rad1 Qc7 22. Nd5 Qa7 23. f5 Bb7 24. Bh6 Bxd5 25. Bxd5 Nxe5 26. f6 Rbd8 27. fxg7 Bxg7 28. Bxg7 Kxg7 29. Qc3 f6 30. g5 Qe7 31. Rf1 f5 32. h4 h6 33. Rde1 hxg5 34. Bc6 Rd3 35. Qb2 gxh4 36. Bxe8 Qg5+ 37. Kh2 Rd2+ 0-1

[Event "EYCC 2017"]
[Site "Mamaia"]
[Date "2017.09.06"]
[Round "2"]
[White "Rzali, Sabina"]
[Black "Srdanovic, Jovana"]
[Result "1/2-1/2"]
[ECO "B41"]
[WhiteElo "1792"]
[BlackElo "1994"]
[Annotator "NA"]
[PlyCount "79"]
[EventDate "2017.??.??"]
[EventType "swiss"]
[EventCountry "ROU"]
[SourceTitle "playchess.com"]
[Source "ChessBase"]
[SourceQuality "1"]
[TimeControl "40/5400+30:1800+30"]

1. e4 c5 2. Nf3 e6 3. d4 cxd4 4. Nxd4 a6 5. Be3 Be7 6. Nc3 d6 7. Be2 Nf6 8. O-O Qc7 9. Rb1 O-O 10. f4 Nc6 11. Bf3 Bd7 12. Kh1 Rfc8 13. Nxc6 Bxc6 14. Bd4 e5 15. Be3 b5 16. a3 Qb7 17. Qd3 a5 18. Nd5 Bxd5 19. exd5 exf4 20. Bxf4 Rc4 21. Be3 Rac8 22. c3 Bd8 23. Rbd1 b4 24. cxb4 axb4 25. Qb3 Nd7 26. Be2 Rh4 27. Rf4 Rb8 28. Qxb4 Qxb4 29. axb4 Rxb4 30. Rxh4 Bxh4 31. Bd4 Bf6 32. Bxf6 Nxf6 33. Rd2 Ne4 34. Rc2 Nc5 35. Bc4 g6 36. Kg1 Ne4 37. Bd3 Nf6 38. Bc4 Ng4 39. b3 Ne3 40. Rc3 1/2-1/2

[Event "EYCC 2017"]
[Site "Mamaia"]
[Date "2017.09.06"]
[Round "2"]
[White "Ciolacu, Alessia-Mihaela"]
[Black "Jarocka, Liwia"]
[Result "1-0"]
[ECO "E73"]
[WhiteElo "1787"]
[BlackElo "1970"]
[Annotator "NA"]
[PlyCount "91"]
[EventDate "2017.??.??"]
[EventType "swiss"]
[EventCountry "ROU"]
[SourceTitle "playchess.com"]
[Source "ChessBase"]
[SourceQuality "1"]
[TimeControl "40/5400+30:1800+30"]

1. d4 Nf6 2. c4 g6 3. Nc3 Bg7 4. e4 d6 5. Be2 O-O 6. Be3 c6 7. g4 d5 $14 (7... c5 $5) 8. cxd5 cxd5 9. e5 Ne4 10. h4 Nxc3 11. bxc3 f6 12. f4 Nc6 13. h5 Rf7 14. hxg6 hxg6 15. Bd3 f5 16. Nf3 e6 17. Ng5 Rc7 18. Qe2 Ne7 19. Bd2 Kf8 20. Nh7+ Kf7 21. Qh2 Ng8 22. Ng5+ Kf8 23. Qh4 Qe7 24. Qh7 Qe8 25. c4 a5 26. Bc1 b5 27. cxb5 Rc3 28. Kd2 Rxd3+ 29. Kxd3 Qxb5+ 30. Ke3 Qb4 31. Bd2 Qa3+ 32. Kf2 Qb2 33. Rad1 Ne7 34. gxf5 exf5 35. Qh3 Qxd4+ 36. Qe3 Qc4 37. Rc1 Qxa2 38. Rc7 Qb2 39. Nh7+ Ke8 40. Nf6+ Kf8 41. Rb1 Qa2 42. Rxe7 Kxe7 43. Qc5+ Kf7 44. Qc7+ Kf8 45. Qd8+ Kf7 46. Qe8# 1-0